 Dungeon Crawl Stone Soup version 0.28.0-53-g5a82cb258f (webtiles) character file.

Game seed: 10005628951929785692

91 ILmort the Cudgeller (level 4, -1/40 HPs)
             Began as a Minotaur Fighter on Aug 10, 2022.
             Slain by Sigmund
             ... wielding a +0 scythe
              (10 damage)
             ... on level 3 of the Dungeon.
             The game lasted 00:05:06 (2310 turns).

ILmort the Cudgeller (Minotaur Fighter)             Turns: 2310, Time: 00:05:07

Health: -1/40      AC:  7    Str: 22    XL:     4   Next: 33%
Magic:  3/3        EV:  9    Int:  5    God:
Gold:   101        SH:  4    Dex: 10    Spells: 3/3 levels left

rFire   . . .      SeeInvis .   a - +0 flail
rCold   . . .      Faith    .   c - +0 buckler
rNeg    . . .      Spirit   .   b - +0 scale mail
rPois   .          Reflect  .   (helmet restricted)
rElec   .          Harm     .   (no cloak)
rCorr   .          Rampage  .   (no gloves)
Will    .....                   (no boots)
Stlth   ..........              (no amulet)
HPRegen 0.13/turn               (no ring)
MPRegen 0.08/turn               (no ring)

@: no status effects
A: horns 2, retaliatory headbutt
a: no special abilities


You were on level 3 of the Dungeon.
You visited 1 branch of the dungeon, and saw 3 of its levels.

You collected 101 gold pieces.

Inventory:

Hand Weapons
 a - a +0 flail (weapon)
Armour
 b - a +0 scale mail (worn)
 c - a +0 buckler (worn)
Scrolls
 e - 4 scrolls of identify {unknown}
 g - a scroll of fog {unknown}
 i - a scroll of amnesia {unknown}
 j - a scroll of noise {unknown}
 k - a scroll of immolation {unknown}
 m - a scroll of magic mapping {unknown}
Potions
 d - 2 potions of might
 f - a potion of brilliance {unknown}
 h - a potion of heal wounds {unknown}
 l - a potion of berserk rage {unknown}


   Skills:
 - Level 3.8 Fighting
 + Level 5.1 Maces & Flails
 - Level 3.8 Armour
 - Level 3.8 Shields


You had 3 spell levels left.
You didn't know any spells.
Your spell library contained the following spells:

 Spells                   Type           Power      Damage    Failure   Level
 Animate Skeleton         Necr           0%         N/A       87%         1
 Apportation              Tloc           0%         N/A       87%         1
 Sting                    Tmut/Pois      0%         1d3       87%         1
 Summon Small Mammal      Summ           0%         N/A       87%         1
 Poisonous Vapours        Pois/Air       0%         N/A       95%         2
 Olgreb's Toxic Radiance  Pois           0%         N/A       100%        4


Dungeon Overview and Level Annotations

Branches:
Dungeon (3/15)

Altars:
Ashenzari
Dithmenos
Nemelex Xobeh

Annotations:
D:3 Sigmund


Innate Abilities, Weirdness & Mutations

You have a pair of horns on your head.
You reflexively headbutt those who attack you in melee.


Message History

You hit the ball python.
You kill the ball python!
Found a short sword.
Found a leather armour.
Found a stone staircase leading up.
Sigmund the Dreaded comes into view.
He is wielding a +0 scythe.
Found an escape hatch in the floor.
Sigmund shouts!
You hear an angry hiss.
Sigmund gestures wildly while chanting.
Sigmund flickers and vanishes!
Deactivating autopickup; reactivate with Ctrl-A.
You block something's attack.
You miss something. Your headbutt misses something.
You hear some strange, mumbled words.
A puff of flame appears from out of thin air!
The puff of flame hits you!
You barely miss something. Your headbutt misses something. Something hits you.
You sock something!
A frilled lizard comes into view.
Something hits you.
You closely miss something.
The frilled lizard hisses angrily.
You headbutt something. Something hits you but does no damage.
You barely miss something. You closely miss something. You headbutt something!
Something hits you.
The frilled lizard bites you but does no damage.
You closely miss something. The frilled lizard barely misses you.
You hear some strange, mumbled words.
A puff of flame appears from out of thin air!
The puff of flame hits you!
* * * LOW HITPOINT WARNING * * *
The frilled lizard bites you but does no damage.
You closely miss something.
You hear some strange, mumbled words.
A puff of flame appears from out of thin air!
The puff of flame misses you. The frilled lizard closely misses you.
You furiously retaliate!
You headbutt the frilled lizard.
You kill the frilled lizard!
You thump something! Something hits you!
You die...

#..............
.....
#...###.##..#.#
#.### #.#.#
#.##..## ##
#.#.# #.##.
#.#.###.##
#.#.##..# #
#.#.##.## # #.
#..†##.###...+
#.
#..{@......P..
#.
##.###.##.P≈P.
# #.# .≈P. #[#
P.. #.# .. #<#
. #.# #.#


There were no monsters in sight!

Vanquished Creatures
  Robin (D:3)
  An adder (D:3)
  A dart slug (D:1)
  7 ball pythons
  4 bats
  2 endoplasms
  14 goblins
  6 hobgoblins
  5 jackals
  12 kobolds
  A quokka (D:1)
  4 frilled lizards
  5 rats (D:1)
  2 bushes (D:1)
65 creatures vanquished.

Vanquished Creatures (others)
  A plant (D:1)
1 creature vanquished.

Grand Total: 66 creatures vanquished

Notes
Turn   | Place    | Note
-------+----------+-------------------------------------------
     0 | D:1      | ILmort the Minotaur Fighter began the quest for the Orb.
     0 | D:1      | Reached XP level 1. HP: 19/19 MP: 0/0
   151 | D:1      | Reached XP level 2. HP: 24/27 MP: 1/1
   324 | D:1      | Reached skill level 3 in Maces & Flails
   684 | D:1      | Reached XP level 3. HP: 33/33 MP: 2/2
   754 | D:1      | Found a faded altar of an unknown god.
  1395 | D:2      | Reached skill level 4 in Maces & Flails
  1929 | D:3      | Reached XP level 4. HP: 37/40 MP: 3/3
  2010 | D:3      | Noticed Robin
  2029 | D:3      | Killed Robin
  2030 | D:3      | Reached skill level 5 in Maces & Flails
  2163 | D:3      | Found a broken altar of Ashenzari.
  2163 | D:3      | Found a shadowy altar of Dithmenos.
  2171 | D:3      | Found a faded altar of an unknown god.
  2173 | D:3      | Found a faded altar of an unknown god.
  2175 | D:3      | Found a sparkling altar of Nemelex Xobeh.
  2298 | D:3      | Noticed Sigmund
  2310 | D:3      | Slain by Sigmund

Illustrated notes

Levels and vault maps discovered:
D:1:      minmay_arrival_plants_in_alcoves, layout_loops_ring,
          hellmonk_ecumenical_altar_leap_of_faith, serial_forest,
          infiniplex_forest_clump_tiny, infiniplex_forest_clump_large,
          infiniplex_forest_diagonal, infiniplex_forest_straight_2,
          infiniplex_forest_lined_4_way, infiniplex_forest_lined_room_2,
          infiniplex_forest_straight_4, infiniplex_forest_end_2, minmay_cupped
D:2:      layout_basic
D:3:      layout_loops_ring, chequers_temple_overflow_minitemple,
          tso_oasis_becter, chequers_serial_rivers_small_a, uniq_terence,
          uniq_sigmund, uniq_robin

Skill      XL: |  1  2  3  4 |
---------------+-------------+-----
Maces & Flails | 3 4 5 |  5.1
Fighting       | |  3.8
Armour         | |  3.8
Shields        | |  3.8

Action                   |  1- 3 |  4- 6 || total
-------------------------+-------+-------++-------
Melee: Flail             |   173 |    24 ||   197
       Headbutt          |    33 |     5 ||    38
Armor: Scale mail        |    68 |     8 ||    76
Dodge: Dodged            |    37 |     7 ||    44
Block: Buckler           |    32 |     3 ||    35
